 Dungeon Crawl Stone Soup version 0.28-a0-1143-gcf6077d4cc (webtiles) character file.

Game seed: 1198220708014728192

44 flotson the Ducker (level 3, -1/28 HPs)
             Began as a Demonspawn Gladiator on Dec 14, 2021.
             Succumbed to a gnoll's poison
             ... on level 2 of the Dungeon.
             The game lasted 00:01:39 (1176 turns).

flotson the Ducker (Demonspawn Gladiator)           Turns: 1176, Time: 00:01:40

Health: -1/28      AC:  5    Str: 16    XL:     3   Next: 41%
Magic:  3/3        EV: 11    Int:  9    God:
Gold:   78         SH:  0    Dex: 14    Spells: 2/2 levels left

rFire   . . .      SeeInvis .   b - +0 quarterstaff
rCold   . . .      Faith    .   (shield currently unavailable)
rNeg    . . .      Spirit   .   e - +0 ring mail
rPois   .          Reflect  .   (helmet restricted)
rElec   .          Harm     .   (no cloak)
rCorr   .          Rampage  .   (no gloves)
Will    .....                   (no boots)
Stlth   +.........              (no amulet)
HPRegen 0.09/turn               (no ring)
MPRegen 0.08/turn               (no ring)

@: lethally poisoned (-1 -> -16)
A: horns 1
a: no special abilities


You were on level 2 of the Dungeon.
You visited 1 branch of the dungeon, and saw 2 of its levels.

You collected 78 gold pieces.

Inventory:

Hand Weapons
 a - a +0 war axe
 b - a +0 quarterstaff (weapon)
Missiles
 d - 3 throwing nets (quivered)
Armour
 e - a +0 ring mail (worn)
Scrolls
 c - a scroll of amnesia {unknown}
 f - a scroll of magic mapping {unknown}
 g - a scroll of blinking {unknown}


   Skills:
 + Level 2.5 Fighting
 - Level 2.6 Axes
 + Level 2.3 Throwing
 + Level 1.2 Armour
 + Level 3.1 Dodging


You had 2 spell levels left.
You didn't know any spells.
Your spell library contained the following spells:

 Spells                   Type           Power      Damage    Failure   Level
 Ensorcelled Hibernation  Hex/Ice        0%         N/A       75%         2
 Spider Form              Tmut/Pois      0%         N/A       93%         3
 Fulminant Prism          Conj/Hex       0%         3d6       100%        4
 Iskenderun's Mystic Bla  Conj/Tloc      0%         2d3       100%        4
 Lee's Rapid Deconstruct  Erth           0%         3d5*      100%        5


Dungeon Overview and Level Annotations

Branches:
Dungeon (2/15)

Altars:


Innate Abilities, Weirdness & Mutations

You have a pair of small horns on your head.


Message History

The gnoll hits you with a +0 whip. The gnoll closely misses you.
You completely miss the gnoll. You headbutt the gnoll.
The gnoll is severely wounded.
The gnoll barely misses you.
You closely miss the gnoll.
The gnoll is severely wounded.
The gnoll closely misses you.
You hit the gnoll.
You kill the gnoll!
Your Armour skill increases to level 1!
You have reached level 3!
Your experience leads to an increase in your attributes!
Increase (S)trength, (I)ntelligence, or (D)exterity?
You feel stronger. x2
HP restored.
You see here a +0 whip. 3 gnolls come into view.
A gnoll is wielding a +0 flail of venom.
Found 9 stones.
The gnoll shouts! x2
The gnoll moves out of view.
The gnoll hits you with a +0 spear.
You sock the gnoll! You headbutt the gnoll.
You kill the gnoll!
The gnoll barely misses you.
The gnoll hits you with a +0 flail of venom!
You are lethally poisoned!
You are too injured to fight recklessly!
You are too injured to fight recklessly!
You are too injured to fight recklessly!
You are too injured to fight recklessly!
You are too injured to fight recklessly!
You are too injured to fight recklessly!
Unknown command.
* * * LOW HITPOINT WARNING * * *
You feel very sick.
* * * LOW HITPOINT WARNING * * *
You feel very sick.
You aren't carrying any potions.
You die...

#...##...#######
.....#.#.......#
....>.###.####.#
###<#.## #.###
##.## #...# ###
###.# #.# #.# #
#@# ##. #.#
###...##g###
......)....#
###...g#.#.#
##.#.#.#.# #
#.#.# # #...#
#..##


You could see a gnoll.

Vanquished Creatures
  2 gnolls (D:2)
  A ball python (D:1)
  2 endoplasms (D:1)
  2 goblins (D:1)
  3 hobgoblins (D:1)
  6 kobolds (D:1)
  4 bats (D:1)
  3 rats
23 creatures vanquished.

Notes
Turn   | Place    | Note
-------+----------+-------------------------------------------
     0 | D:1      | flotson the Demonspawn Gladiator began the quest for the
                  | Orb.
     0 | D:1      | Reached XP level 1. HP: 16/16 MP: 1/1
   350 | D:1      | Gained mutation: You have a pair of small horns on your
                  | head. [demonic ancestry]
   350 | D:1      | Reached XP level 2. HP: 22/22 MP: 2/2
   836 | D:1      | Reached skill level 3 in Dodging
  1034 | D:1      | Found a faded altar of an unknown god.
  1101 | D:2      | Reached skill level 1 in Armour
  1101 | D:2      | Reached XP level 3. HP: 21/28 MP: 3/3
  1176 | D:2      | Succumbed to a gnoll's poison

Illustrated notes

Levels and vault maps discovered:
D:1:      dpeg_arrival_water_temple_mockup, layout_basic,
          ebering_ecumenical_altar_hall
D:2:      layout_loops_corners, serial_shops,
          nicolae_shop_competitors_out_of_business, uniq_crazy_yiuf_cottage

Skill      XL: |  1  2 |
---------------+-------+-----
Throwing       | 2 |  2.3
Dodging        | 3 |  3.1
Armour         | 1 |  1.2
Fighting       | |  2.5
Axes           | |  2.6

Action                   || total
-------------------------++-------
Melee: Quarterstaff      ||    50
       Headbutt          ||     5
Armor: Ring mail         ||    20
Dodge: Dodged            ||    42

Table legend: (Time is in decaauts)
 A = Elapsed time spent in this place.
 B = Non-inter-level travel time spent in this place.
 C = Inter-level travel time spent in this place.
 D = Time resting spent in this place.
 E = Time spent auto-exploring this place.
 F = Levels seen in this place.
 G = Mean time per level.
                   A        B        C        D        E       F      G
               +--------+--------+--------+--------+--------+-----+--------+
         Total |   1190 |   1170 |     20 |      0 |    988 |   2 |  595.0 |
       Dungeon |   1190 |   1170 |     20 |      0 |    988 |   2 |  595.0 |
               +--------+--------+--------+--------+--------+-----+--------+

Top non-repeatable levels by time:
     D:1: 1083 daAuts
     D:2: 107 daAuts
